 Dungeon Crawl Stone Soup version 0.23.2-40-g277498a001 (webtiles) character file.

Game seed: 7776764231631275460

1502 Smolness the Twirler (level 8, 0/70 HPs)
             Began as a Pale Draconian Berserker on Oct 20, 2019.
             Was a Plaything of Xom.
             Succumbed to a water moccasin's poison
             ... on level 7 of the Dungeon.
             The game lasted 00:48:47 (4308 turns).

Smolness the Twirler (Pale Draconian Berserker)     Turns: 4308, Time: 00:48:48

Health: 0/70       AC:  8    Str: 22    XL:     8   Next: 52%
Magic:  8/8        EV: 14    Int: 11    God:    Xom [*.....]
Gold:   176        SH:  0    Dex: 11    Spells: 7/7 levels left

rFire    + . .     SeeInvis .   g - +5 quarterstaff (chaos)
rCold    + . .     Gourm    .   (shield currently unavailable)
rNeg     . . .     Faith    .   (armour unavailable)
rPois    .         Spirit   .   (helmet restricted)
rElec    .         Reflect  .   o - +1 cloak
rCorr    .         Harm     .   (no gloves)
MR       .....                  (no boots)
Stlth    +++.......             (no amulet)
HPRegen  0.21/turn              w - ring of stealth
MPRegen  0.11/turn              x - +4 ring of intelligence

@: lethally poisoned (0 -> -33), marked
A: breathe steam, unfitting armour, hooves 1, cold resistance 1, fire resistance
1, cold-blooded, AC +6
a: Breathe Steam, Renounce Religion


You were on level 7 of the Dungeon.
You worshipped Xom.
You were a special plaything of Xom.
You were not hungry.

You visited 1 branch of the dungeon, and saw 6 of its levels.
You also visited: Sewer.

You collected 176 gold pieces.

Inventory:

Hand Weapons
 a - a +0 spear
 d - a +0 dagger
 f - a +0 dagger
 g - a +5 quarterstaff of chaos (weapon)
 h - a +0 whip
 i - a +0 flail
 k - a +0 club
 l - a +0 mace
 m - a +0 spear
 n - a +0 falchion
 p - a +0 mace
Missiles
 c - 53 stones (quivered)
 j - 8 javelins
Armour
 e - a +0 scale mail
 o - a +1 cloak (worn)
 s - a +0 leather armour
 t - a cursed +0 robe
 A - a +2 chain mail of poison resistance
 B - a +2 robe of cold resistance
Jewellery
 w - a ring of stealth (left hand)
 x - a +4 ring of intelligence (right hand)
Wands
 y - a wand of paralysis (7)
Scrolls
 u - a scroll of amnesia
 v - a scroll of remove curse
Potions
 r - a potion of brilliance {unknown}
 z - a potion of heal wounds {unknown}
Comestibles
 b - 5 rations


   Skills:
 + Level 5.9 Fighting
 + Level 3.9(6.0) Polearms
 + Level 7.1(7.6) Staves
 + Level 5.3 Dodging
 + Level 2.7 Stealth


You had 7 spell levels left.
You didn't know any spells.
Your spell library was empty.

Dungeon Overview and Level Annotations

Branches:
Dungeon (7/15)
 Temple: D:4-7

Altars:
Dithmenos
Vehumet
Xom


Innate Abilities, Weirdness & Mutations

You can breathe blasts of scalding, opaque steam.
Your pale cyan-grey scales are hard. (AC +6)
You cannot fit into any form of body armour.
You are cold-blooded and may be slowed by cold attacks.
You have large cloven feet.
Your flesh is cold resistant. (rC+)
Your flesh is heat resistant. (rF+)


Message History

* * * LOW HITPOINT WARNING * * *
You feel sick. The water moccasin bites you.
* * * LOW HITPOINT WARNING * * *
You closely miss the water moccasin.
The water moccasin is severely wounded.
* * * LOW HITPOINT WARNING * * *
You feel sick. The water moccasin bites you.
* * * LOW HITPOINT WARNING * * *
You are more poisoned.
The water moccasin poisons you!
You sock the water moccasin! You burn the water moccasin.
You kill the water moccasin!
Your Staves skill increases to level 7!
* * * LOW HITPOINT WARNING * * *
You feel very sick.
You hit the ogre but do no damage. You kick the ogre.
Your tail-slap misses the ogre.
The ogre is lightly wounded.
You die...
Xom giggles madly!

.... #..# #..#
##..# ...## ...
#.# ##. #@#
....####O#
##...a)oZ# #
#......al# .#.
##...###F###≈≈≈
#.^.##oo..'....
#..agoK#..#≈≈≈≈
##..##...## #.
#. #F.## ###


You could see an orc warrior, a big kobold, an ogre, a bullfrog, a worker ant, 2
orcs, a leopard gecko and an adder skeleton.

Vanquished Creatures
  Menkaure (D:4)
  A water moccasin (D:7)
  Duvessa (D:7)
  An orc warrior (D:7)
  2 ice beasts (D:5)
  Dowan (D:7)
  A howler monkey (D:5)
  A crimson imp (D:5)
  A bullfrog zombie (D:5)
  4 hounds
  A jelly (D:7)
  A bullfrog skeleton (D:5)
  4 orc wizards
  Crazy Yiuf (D:2)
  Terence (D:2)
  4 worker ants
  A hound skeleton (D:7)
  A worker ant zombie (D:5)
  11 gnolls
  11 adders
  An adder skeleton (D:7)
  A worm (D:4)
  3 dart slugs
  3 leopard geckos
  9 orcs
  2 ball pythons
  4 giant cockroaches
  8 goblins
  6 hobgoblins
  7 jackals
  7 kobolds
  3 quokkas
  11 bats
  2 frilled lizards
  A jackal zombie (D:5)
  A quokka skeleton (D:5)
  5 rats
  2 fungi (D:2)
  A plant (D:1)
127 creatures vanquished.

Vanquished Creatures (collateral kills)
  An orc wizard (D:5)
  A giant cockroach zombie (D:5)
2 creatures vanquished.

Vanquished Creatures (others)
  A leopard gecko (D:5)
1 creature vanquished.

Grand Total: 130 creatures vanquished

Notes
Turn   | Place    | Note
-------+----------+-------------------------------------------
     0 | D:1      | Smolness the Draconian Berserker began the quest for the
                  | Orb.
     0 | D:1      | Reached XP level 1. HP: 19/19 MP: 1/1
   444 | D:1      | Reached XP level 2. HP: 25/26 MP: 2/2
   496 | D:2      | Gained mutation: You have large cloven feet. [potion of
                  | mutation]
   496 | D:2      | Gained mutation: Your flesh is heat resistant. (rF+)
                  | [potion of mutation]
   496 | D:2      | Gained mutation: Your flesh is cold resistant. (rC+)
                  | [potion of mutation]
   534 | D:2      | Found a runed translucent door.
   535 | D:2      | Noticed Crazy Yiuf
   546 | D:2      | Killed Crazy Yiuf
   546 | D:2      | Reached XP level 3. HP: 23/33 MP: 3/3
   785 | D:2      | Reached XP level 4. HP: 33/40 MP: 4/4
   790 | D:2      | Noticed Terence
   796 | D:2      | Killed Terence
   813 | D:2      | Reached ** piety under Trog
  1526 | D:1      | Reached skill level 1 in Staves
  2032 | D:2      | Found a shimmering altar of Xom.
  2045 | D:2      | Reached XP level 5. HP: 46/46 MP: 5/5
  2123 | D:2      | Fell from the grace of Trog
  2123 | D:2      | Became a worshipper of Xom of Chaos
  2154 | D:2      | You fall through a shaft for 2 floors!
  2205 | D:4      | Reached skill level 2 in Staves
  2424 | D:4      | Found a shadowy altar of Dithmenos.
  2425 | D:4      | XOM: harmless Hex miscast
  2433 | D:4      | Reached skill level 1 in Stealth
  2462 | D:4      | XOM: smoke on damage
  2483 | D:4      | Reached skill level 3 in Staves
  2861 | D:4      | XOM: smoke on damage
  3107 | D:4      | Noticed Menkaure
  3114 | D:4      | Killed Menkaure
  3114 | D:4      | Reached XP level 6. HP: 51/53 MP: 6/6
  3215 | D:4      | You fall through a shaft!
  3215 | D:5      | Entered Level 5 of the Dungeon
  3231 | D:5      | Reached skill level 4 in Staves
  3310 | D:5      | XOM: 7-stop teleportation journey
  3326 | D:5      | Noticed an ice beast
  3327 | D:5      | XOM: enchant monster (good)
  3331 | D:5      | XOM: medium Air miscast
  3332 | D:5      | Killed an ice beast
  3346 | D:5      | Your scales start taking on a pale cyan-grey colour.
  3346 | D:5      | Reached XP level 7. HP: 53/60 MP: 7/7
  3353 | D:5      | XOM: summons 7 friendly demons
  3361 | D:5      | Reached skill level 5 in Fighting
  3450 | D:5      | XOM: mild Summ miscast
  3451 | D:5      | XOM: silly message
  3452 | D:5      | Reached skill level 5 in Staves
  3740 | D:6      | XOM: god gift: large onyx ring {god gift}
  3760 | D:6      | Found a glowing drain.
  3803 | D:6      | XOM: blink monster(s)
  3821 | D:6      | XOM: smoke on damage
  3905 | Sewer    | Entered a sewer
  4135 | D:6      | Found a radiant altar of Vehumet.
  4182 | D:7      | XOM: swap monsters
  4213 | D:7      | Noticed Dowan
  4215 | D:7      | Noticed Duvessa
  4219 | D:7      | XOM: noise
  4221 | D:7      | XOM: enchant monster (good)
  4229 | D:7      | Killed Duvessa
  4229 | D:7      | Reached skill level 6 in Staves
  4229 | D:7      | Reached XP level 8. HP: 61/69 MP: 8/8
  4239 | D:7      | Killed Dowan
  4258 | D:7      | XOM: noise
  4282 | D:7      | XOM: blink monster(s)
  4283 | D:7      | Reached skill level 5 in Dodging
  4307 | D:7      | Reached skill level 7 in Staves
  4307 | D:7      | HP: 3/70 [poisoned by a water moccasin]
  4308 | D:7      | Succumbed to a water moccasin's poison

Skill      XL: |  1  2  3  4  5  6  7  8 |
---------------+-------------------------+-----
Dodging        | 3 4 5 |  5.3
Fighting       | 4 5 |  5.9
Staves         | 1 3 4 6 7 |  7.1
Stealth        | 1 2 |  2.7
Polearms       | |  3.9

Action                   |  1- 3 |  4- 6 |  7- 9 || total
-------------------------+-------+-------+-------++-------
Melee: Spear             |    47 |       |       ||    47
       Tailslap          |    11 |    11 |    12 ||    34
       Kick              |    17 |    27 |    20 ||    64
       Quarterstaff      |    33 |   122 |   127 ||   282
 Abil: Breathe Steam     |       |       |     1 ||     1
  Use: Potion            |     1 |     3 |     2 ||     6
       Scroll            |     5 |     3 |     1 ||     9
 Stab: Sleeping          |     1 |     2 |       ||     3
       Paralysed         |       |     1 |     2 ||     3
  Eat: Ration            |     1 |     2 |     1 ||     4
Armor: Skin              |    20 |    32 |    40 ||    92
Dodge: Dodged            |    52 |    68 |   111 ||   231
